Barracuda vs Punishers
Created - February 7, 2024 at 10:03
Goals
|
| Barracuda |
0 |
1 |
3 |
4 |
| Punishers |
1 |
4 |
0 |
5 |
|
Shots
|
| Barracuda |
11 |
6 |
12 |
29 |
| Punishers |
14 |
10 |
2 |
26 |
|
1st period
1. Punishers , Kevin Roy 17 (Artem Zub 31, Phillip Danault 14) at 6:51
Penalties :
John Quenneville (Pro) for Interference (Minor) at 13:21
2nd period
2. Barracuda , William Carrier 26 (Emil Pettersson 41, Thomas Gobeil 7) at 2:14
3. Punishers , Ben Betker 4 (Kole Lind 19) at 3:09
4. Punishers , Carson Meyer 6 (Oskar Lindblom 28, Artem Zub 32) at 10:12
5. Punishers , Kevin Roy 18 (Artem Zub 33, Ben Betker 14) at 10:37
6. Punishers , Austen Brassard 10 (Anton Blidh 26, Niko Mikkola 10) at 19:21
Penalties :
Samuel Groulx (S.J) for Hooking (Minor) at 11:00, Tanner Jeannot (Pro) for Holding (Minor) at 14:10, William Carrier (S.J) for High sticking (Minor) at 17:14
3rd period
7. Barracuda , Mario Lucia 17 (William Carrier 31, Cole Ully 15) at 9:08
8. Barracuda , Cole Ully 23 (Jaedon Descheneau 6, Noah Gregor 17) at 10:40
9. Barracuda , Thomas Gobeil 7 (Kurtis Macdermid 20, Theodor Blueger 26) at 18:47 (PP)
Penalties :
Logan Stanley (S.J) for Tripping (Minor) at 2:05, Mac Hollowell (S.J) for Interference (Minor) at 14:58, Connor Clifton (Pro) for Holding Stick (Minor) at 17:15
Goalie Stats
Joacim Eriksson (S.J), 6 saves from 7 shots - (0.857), L, 6-6-1, 28:25 minutes
Joni Ortio (S.J), 15 saves from 19 shots - (0.789), 30:37 minutes
Antoine Bibeau (Pro), 25 saves from 29 shots - (0.862), W, 14-9-1, 60:00 minutes
Players Stats for Barracuda
Player Name G A P +/- PIM S H SB GA TA FO MP PP MP PK MP
------------------------------------------------------------------------------------
Alex Henriksson 0 0 0 -1 0 1 2 0 0 0 0/0 11:13 0:06 2:44
Cole Ully 1 1 2 -1 0 1 1 1 1 0 0/0 11:01 0:00 1:07
Emil Pettersson 0 1 1 1 0 3 0 0 1 0 19/24 22:39 3:02 3:16
Eric Gustafsson 0 0 0 -1 0 8 0 3 0 1 0/0 28:33 2:56 4:14
Jaedon Descheneau 0 1 1 0 0 0 2 0 0 0 0/0 10:37 0:00 0:00
Jordan Gross 0 0 0 1 0 1 0 1 0 2 0/0 11:28 0:00 0:14
Kurtis Macdermid 0 1 1 -1 0 2 1 0 0 0 0/0 16:06 2:28 1:37
Kyle Platzer 0 0 0 -2 0 1 0 1 0 0 2/5 9:59 0:00 2:03
Logan Stanley 0 0 0 -2 2 1 0 0 0 0 0/0 19:14 2:34 2:27
Mac Hollowell 0 0 0 1 2 0 0 1 0 0 0/0 13:00 0:00 2:04
Mario Lucia 1 0 1 1 0 3 0 0 0 0 1/1 19:45 3:02 0:00
Nikolai Kovalenko 0 0 0 -1 0 0 0 0 0 0 1/1 5:35 0:00 0:00
Noah Gregor 0 1 1 0 0 0 2 2 0 1 1/3 9:48 0:00 0:03
Robin Norell 0 0 0 -2 0 0 0 4 0 2 0/0 20:52 2:34 4:01
Samuel Groulx 0 0 0 -1 2 0 3 0 0 2 0/0 27:06 2:56 2:38
Theodor Blueger 0 1 1 -1 0 1 0 2 2 1 9/14 19:02 2:28 3:03
Thomas Gobeil 1 1 2 -1 0 1 2 0 0 0 0/0 14:19 2:22 0:00
William Carrier 1 1 2 0 2 6 1 0 0 0 2/2 21:43 3:02 2:13
Players Stats for Punishers
Player Name G A P +/- PIM S H SB GA TA FO MP PP MP PK MP
------------------------------------------------------------------------------------
Anton Blidh 0 1 1 0 0 5 2 2 2 0 0/1 23:59 2:58 2:52
Artem Zub 0 3 3 3 0 2 0 1 0 2 0/0 27:20 5:49 3:17
Austen Brassard 1 0 1 0 0 1 3 0 1 0 0/3 21:07 2:58 0:00
Ben Betker 1 1 2 2 0 2 1 1 1 0 0/0 25:12 5:49 3:17
Ben Meyers 0 0 0 0 0 0 1 0 0 0 0/0 1:25 0:31 0:47
Carson Meyer 1 0 1 0 0 2 0 0 0 0 0/0 9:31 0:44 0:00
Connor Clifton 0 0 0 -1 2 0 0 0 0 1 0/0 11:05 0:00 0:00
Daniel Audette 0 0 0 0 0 0 1 0 0 0 3/5 11:17 0:18 1:35
Fredrik Claesson 0 0 0 0 0 2 0 1 0 0 0/0 20:22 2:07 2:13
Jack Ahcan 0 0 0 1 0 0 0 0 0 0 0/0 3:38 0:00 0:00
Jesse Ylonen 0 0 0 -1 0 1 0 0 1 0 0/0 7:39 0:05 0:00
John Hayden 0 0 0 -1 0 1 0 0 0 0 1/2 7:30 0:00 0:14
John Quenneville 0 0 0 0 2 2 4 2 2 0 5/25 23:12 2:58 1:59
Kevin Roy 2 0 2 3 0 3 2 1 0 0 6/11 15:47 4:09 0:00
Kole Lind 0 1 1 3 0 1 1 0 1 0 0/0 15:47 4:09 0:00
Marcus Karlberg 0 0 0 0 0 0 0 0 0 0 0/0 0:31 0:31 0:00
Nicolas Beaudin 0 0 0 -1 0 0 0 1 0 0 0/0 12:00 0:00 0:00
Niko Mikkola 0 1 1 0 0 0 1 0 0 0 0/0 20:22 2:07 2:13
Oskar Lindblom 0 1 1 0 0 1 0 1 0 1 0/2 12:07 0:18 2:18
Phillip Danault 0 1 1 3 0 2 3 0 1 0 0/1 17:02 4:09 1:15
Tanner Jeannot 0 0 0 -1 2 1 0 1 0 0 0/0 7:34 0:00 0:00
3 Stars
1 - Kevin Roy (Pro)
2 - Artem Zub (Pro)
3 - Ben Betker (Pro)
Power Play
Barracuda - 1 on 3 Attempt(s) - 33.33%
Punishers - 0 on 4 Attempt(s) - 0.00%
Penalty Kill
Barracuda - 4 on 4 Attempt(s) - 100.00%
- Score 0 goal in Penalty Kill
Punishers - 2 on 3 Attempt(s) - 66.67%
- Score 0 goal in Penalty Kill
Team Stat
Barracuda - Hits : 14 - Faceoff Wins : 35 - Blocked Shots : 15 - Penalty Minutes : 8
Punishers - Hits : 19 - Faceoff Wins : 15 - Blocked Shots : 11 - Penalty Minutes : 6
Official
Referees : Chris Schlenker and Justin St. Pierre
Linesman : David Brisebois and Trent Knorr
Game Notes
Joacim Eriksson enters game at 10:37 of 2nd period
Nikolai Kovalenko is injured at 16:52 of 2nd period (Bruised Left Arm)
10:40 of 3rd period - Barracuda goal is going for a video replay. After video review, Goal.
Finance
Level 1 -- Attendance: 1719 (85.95%) -- Ticket Income $120,330
Level 2 -- Attendance: 835 (83.50%) -- Ticket Income $33,400
Total Attendance: 2554 (85.13%)
Total Ticket Income: $153,730
Other Income: $7,686
Total Income: $161,416
Barracuda
5 vs 5 Forward
Center Left Wing Right Wing Time % Phy DF OF
1 Emil Pettersson William Carrier Mario Lucia 40 1 2 2
2 Theodor Blueger Kurtis Macdermid Thomas Gobeil 30 1 2 2
3 Noah Gregor Cole Ully Jaedon Descheneau 20 1 2 2
4 Kyle Platzer Alex Henriksson Nikolai Kovalenko 10 1 2 2
5 vs 5 Defense
Defense Defense Time % Phy DF OF
1 Eric Gustafsson Samuel Groulx 40 1 2 2
2 Logan Stanley Robin Norell 30 1 2 2
3 Mac Hollowell Jordan Gross 20 1 2 2
4 Eric Gustafsson Samuel Groulx 10 1 2 2
PowerPlay Forward
Center Left Wing Right Wing Time % Phy DF OF
1 Emil Pettersson William Carrier Mario Lucia 60 1 2 2
2 Theodor Blueger Kurtis Macdermid Thomas Gobeil 40 1 2 2
PowerPlay Defense
Defense Defense Time % Phy DF OF
1 Eric Gustafsson Samuel Groulx 60 1 2 2
2 Logan Stanley Robin Norell 40 1 2 2
Penalty Kill 4 Players Forward
Center Wing Time % Phy DF OF
1 Emil Pettersson William Carrier 60 1 2 2
2 Theodor Blueger Kurtis Macdermid 40 1 2 2
Penalty Kill 4 Players Defense
Defense Defense Time % Phy DF OF
1 Eric Gustafsson Samuel Groulx 60 1 2 2
2 Logan Stanley Robin Norell 40 1 2 2
Penalty Kill - 3 Players Forward
Forward Time % Phy DF OF
1 Emil Pettersson 60 1 2 2
2 Theodor Blueger 40 1 2 2
Penalty Kill - 3 Players Defense
Defense Defense Time % Phy DF OF
1 Eric Gustafsson Samuel Groulx 60 1 2 2
2 Logan Stanley Robin Norell 40 1 2 2
4 vs 4 Forward
Center Wing Time % Phy DF OF
1 Emil Pettersson William Carrier 60 1 2 2
2 Theodor Blueger Kurtis Macdermid 40 1 2 2
4 vs 4 Defense
Defense Defense Time % Phy DF OF
1 Eric Gustafsson Samuel Groulx 60 1 2 2
2 Logan Stanley Robin Norell 40 1 2 2
Last Minutes Offensive
Center Left Wing Right Wing Defense Defense
Emil Pettersson William Carrier Mario Lucia Eric Gustafsson Samuel Groulx
Last Minutes Defensive
Center Left Wing Right Wing Defense Defense
Emil Pettersson William Carrier Mario Lucia Eric Gustafsson Samuel Groulx
Goaltenders
Starting : Joni Ortio
Backup : Joacim Eriksson
Extra Forwards
Normal : Theodor Blueger, Alex Henriksson, Mario Lucia - PP : Theodor Blueger, Alex Henriksson - PK : Theodor Blueger
Extra Defensemen
Normal : Robin Norell, Mac Hollowell, Jordan Gross - PP : Robin Norell - PK : Robin Norell, Mac Hollowell
Penalty Shots
William Carrier, Kurtis Macdermid, Emil Pettersson, Cole Ully, Theodor Blueger
Custom OT Lines Forwards
William Carrier, Kurtis Macdermid, Emil Pettersson, Cole Ully, Theodor Blueger, Alex Henriksson, Mario Lucia, Noah Gregor, Kyle Platzer, Thomas Gobeil
Custom OT Lines Defensemen
Eric Gustafsson, Samuel Groulx, Logan Stanley, Robin Norell, Mac Hollowell
Scratches
Alex Lintuniemi (Healthy), Aleksi Heponiemi (Healthy), Ben Jones (Healthy), Jacob Peterson (Healthy), Scott Reedy (Healthy)
Ryan Merkley (Healthy), Bode Wilde (Healthy), Dennis Cholowski (Healthy), Alexei Toropchenko (Healthy), Kevin Mandolese (Healthy)
Punishers
5 vs 5 Forward
Center Left Wing Right Wing Time % Phy DF OF
1 John Quenneville Anton Blidh Austen Brassard 40 1 2 2
2 Kevin Roy Phillip Danault Kole Lind 30 1 2 2
3 Daniel Audette Oskar Lindblom Carson Meyer 20 1 2 2
4 John Hayden Tanner Jeannot Jesse Ylonen 10 1 2 2
5 vs 5 Defense
Defense Defense Time % Phy DF OF
1 Artem Zub Ben Betker 40 1 2 2
2 Fredrik Claesson Niko Mikkola 30 1 2 2
3 Connor Clifton Nicolas Beaudin 20 1 2 2
4 Jack Ahcan Artem Zub 10 1 2 2
PowerPlay Forward
Center Left Wing Right Wing Time % Phy DF OF
1 John Quenneville Anton Blidh Austen Brassard 60 1 2 2
2 Kevin Roy Phillip Danault Kole Lind 40 1 2 2
PowerPlay Defense
Defense Defense Time % Phy DF OF
1 Artem Zub Ben Betker 60 1 2 2
2 Fredrik Claesson Niko Mikkola 40 1 2 2
Penalty Kill 4 Players Forward
Center Wing Time % Phy DF OF
1 John Quenneville Anton Blidh 60 1 2 2
2 Phillip Danault Oskar Lindblom 40 1 2 2
Penalty Kill 4 Players Defense
Defense Defense Time % Phy DF OF
1 Artem Zub Ben Betker 60 1 2 2
2 Fredrik Claesson Niko Mikkola 40 1 2 2
Penalty Kill - 3 Players Forward
Forward Time % Phy DF OF
1 John Quenneville 60 1 2 2
2 Anton Blidh 40 1 2 2
Penalty Kill - 3 Players Defense
Defense Defense Time % Phy DF OF
1 Artem Zub Ben Betker 60 1 2 2
2 Fredrik Claesson Niko Mikkola 40 1 2 2
4 vs 4 Forward
Center Wing Time % Phy DF OF
1 John Quenneville Anton Blidh 60 1 2 2
2 Phillip Danault Oskar Lindblom 40 1 2 2
4 vs 4 Defense
Defense Defense Time % Phy DF OF
1 Artem Zub Ben Betker 60 1 2 2
2 Fredrik Claesson Niko Mikkola 40 1 2 2
Last Minutes Offensive
Center Left Wing Right Wing Defense Defense
John Quenneville Anton Blidh Austen Brassard Artem Zub Ben Betker
Last Minutes Defensive
Center Left Wing Right Wing Defense Defense
John Quenneville Anton Blidh Austen Brassard Artem Zub Ben Betker
Goaltenders
Starting : Antoine Bibeau
Backup : Cal Petersen
Extra Forwards
Normal : Ben Meyers, Marcus Karlberg, Daniel Audette - PP : Ben Meyers, Marcus Karlberg - PK : Daniel Audette
Extra Defensemen
Normal : Connor Clifton, Nicolas Beaudin, Jack Ahcan - PP : Connor Clifton - PK : Nicolas Beaudin, Jack Ahcan
Penalty Shots
John Quenneville, Anton Blidh, Phillip Danault, Oskar Lindblom, Kevin Roy
Custom OT Lines Forwards
John Quenneville, Anton Blidh, Phillip Danault, Oskar Lindblom, Kevin Roy, Daniel Audette, Austen Brassard, Kole Lind, Carson Meyer, Tanner Jeannot
Custom OT Lines Defensemen
Artem Zub, Ben Betker, Fredrik Claesson, Niko Mikkola, Connor Clifton
Scratches
Jack LaFontaine (Healthy)
% Time on Ice - Barracuda
Lines # - Real PCT - Wanted PCT - Time Play
Normal Forward
1 - 35% - 40% - 15:48
2 - 26% - 30% - 12:01
3 - 21% - 20% - 9:45
4 - 17% - 10% - 7:48
Normal Defense
1 - 40% - 40% - 18:22
2 - 32% - 30% - 14:34
3 - 24% - 20% - 10:56
4 - 3% - 10% - 1:30
PP Forward
1 - 55% - 60% - 3:02
2 - 45% - 40% - 2:28
PP Defense
1 - 53% - 60% - 2:56
2 - 47% - 40% - 2:34
PK Forward
1 - 80% - 60% - 6:19
2 - 20% - 40% - 1:37
PK Defense
1 - 61% - 60% - 4:49
2 - 39% - 40% - 3:07
PK3 Forward
1 - 0% - 60%
2 - 0% - 40%
PK3 Defense
1 - 0% - 60%
2 - 0% - 40%
44 Forward
1 - 0% - 60%
2 - 0% - 40%
44 Defense
1 - 0% - 60%
2 - 0% - 40%
Last Minute Offensive - 1:12
Last Minute Defensive - 0:00
Total
Forward - 60:00
Defense - 60:00
|
% Time on Ice - Punishers
Lines # - Real PCT - Wanted PCT - Time Play
Normal Forward
1 - 39% - 40% - 17:41
2 - 26% - 30% - 11:38
3 - 19% - 20% - 8:47
4 - 16% - 10% - 7:16
Normal Defense
1 - 33% - 40% - 14:54
2 - 35% - 30% - 16:02
3 - 24% - 20% - 10:48
4 - 8% - 10% - 3:38
PP Forward
1 - 48% - 60% - 3:47
2 - 52% - 40% - 4:09
PP Defense
1 - 73% - 60% - 5:49
2 - 27% - 40% - 2:07
PK Forward
1 - 82% - 60% - 4:32
2 - 18% - 40% - 0:58
PK Defense
1 - 60% - 60% - 3:17
2 - 40% - 40% - 2:13
PK3 Forward
1 - 0% - 60%
2 - 0% - 40%
PK3 Defense
1 - 0% - 60%
2 - 0% - 40%
44 Forward
1 - 0% - 60%
2 - 0% - 40%
44 Defense
1 - 0% - 60%
2 - 0% - 40%
Last Minute Offensive - 0:00
Last Minute Defensive - 1:12
Total
Forward - 60:00
Defense - 60:00
|
Play-by-Play
1st period
0:01 of 1st period - John Quenneville wins face-off versus Emil Pettersson in neutral zone.
0:06 of 1st period - Wrist shot by John Quenneville.
0:06 of 1st period - Shot Misses the Net.
0:08 of 1st period - Wrist shot by Anton Blidh.
0:08 of 1st period - Stopped by Joni Ortio with a rebound.
0:26 of 1st period - Kurtis Macdermid is hit by Kevin Roy and loses puck.
1:18 of 1st period - Slapshot by Robin Norell.
1:18 of 1st period - Shot Misses the Net.
1:32 of 1st period - Off-side.
1:33 of 1st period - Theodor Blueger wins face-off versus John Quenneville in neutral zone.
1:48 of 1st period - Snap shot by Theodor Blueger.
1:48 of 1st period - Stopped by Antoine Bibeau with a rebound.
2:45 of 1st period - Slapshot by Jordan Gross.
2:45 of 1st period - Stopped by Antoine Bibeau without a rebound.
2:46 of 1st period - Theodor Blueger wins face-off versus Kevin Roy in Punishers zone.
2:53 of 1st period - Slapshot by Kurtis Macdermid.
2:53 of 1st period - Shot Misses the Net.
2:55 of 1st period - Slapshot by Eric Gustafsson.
2:55 of 1st period - Stopped by Antoine Bibeau with a rebound.
2:59 of 1st period - Snap shot by Kurtis Macdermid.
2:59 of 1st period - Shot Blocked by Fredrik Claesson.
3:01 of 1st period - Snap shot by Samuel Groulx.
3:01 of 1st period - Shot Misses the Net.
3:11 of 1st period - William Carrier is hit by Daniel Audette.
3:36 of 1st period - Snap shot by Tanner Jeannot.
3:36 of 1st period - Shot Misses the Net.
3:38 of 1st period - Wrist shot by Tanner Jeannot.
3:38 of 1st period - Shot Misses the Net.
3:40 of 1st period - Snap shot by Jesse Ylonen.
3:40 of 1st period - Stopped by Joni Ortio with a rebound.
4:23 of 1st period - Slapshot by Kurtis Macdermid.
4:23 of 1st period - Stopped by Antoine Bibeau without a rebound.
4:24 of 1st period - Kevin Roy wins face-off versus Emil Pettersson in Punishers zone.
4:52 of 1st period - Icing by John Quenneville.
4:53 of 1st period - John Quenneville wins face-off versus Theodor Blueger in Punishers zone.
5:02 of 1st period - Robin Norell is hit by Austen Brassard and loses puck.
5:07 of 1st period - Snap shot by John Quenneville.
5:07 of 1st period - Stopped by Joni Ortio with a rebound.
5:09 of 1st period - Snap shot by Connor Clifton.
5:09 of 1st period - Shot Blocked by Theodor Blueger.
5:35 of 1st period - Wrist shot by Theodor Blueger.
5:35 of 1st period - Shot Misses the Net.
6:11 of 1st period - Slapshot by Anton Blidh.
6:11 of 1st period - Shot Blocked by Robin Norell.
6:13 of 1st period - Slapshot by Connor Clifton.
6:13 of 1st period - Shot Misses the Net.
6:15 of 1st period - Wrist shot by Anton Blidh.
6:15 of 1st period - Shot Blocked by Robin Norell.
6:35 of 1st period - Slapshot by John Quenneville.
6:35 of 1st period - Deflect By Austen Brassard.
6:35 of 1st period - Shot Blocked by Theodor Blueger.
6:35 of 1st period - Puck is out of play.
6:36 of 1st period - Emil Pettersson wins face-off versus Phillip Danault in Barracuda zone.
6:43 of 1st period - Snap shot by Emil Pettersson.
6:43 of 1st period - Stopped by Antoine Bibeau with a rebound.
6:49 of 1st period - Slapshot by Artem Zub.
6:49 of 1st period - Shot Misses the Net.
6:51 of 1st period - Snap shot by Kevin Roy.
6:51 of 1st period - Goal by Kevin Roy - Barracuda : 0 - Punishers : 1.
6:52 of 1st period - Daniel Audette wins face-off versus Emil Pettersson in neutral zone.
7:18 of 1st period - Kevin Roy is hit by Noah Gregor.
7:54 of 1st period - Wrist shot by Phillip Danault.
7:54 of 1st period - Stopped by Joni Ortio with a rebound.
7:56 of 1st period - Snap shot by Phillip Danault.
7:56 of 1st period - Shot Misses the Net.
8:02 of 1st period - Slapshot by Kevin Roy.
8:02 of 1st period - Stopped by Joni Ortio without a rebound.
8:03 of 1st period - William Carrier wins face-off versus Oskar Lindblom in Barracuda zone.
8:10 of 1st period - Wrist shot by William Carrier.
8:10 of 1st period - Stopped by Antoine Bibeau with a rebound.
8:30 of 1st period - Ben Betker is hit by Jaedon Descheneau.
9:00 of 1st period - Snap shot by Austen Brassard.
9:00 of 1st period - Shot Misses the Net.
9:48 of 1st period - Wrist shot by Phillip Danault.
9:48 of 1st period - Stopped by Joni Ortio without a rebound.
9:49 of 1st period - Kevin Roy wins face-off versus Noah Gregor in Barracuda zone.
9:58 of 1st period - Off-side.
9:59 of 1st period - Emil Pettersson wins face-off versus Daniel Audette in neutral zone.
10:32 of 1st period - John Quenneville is hit by Noah Gregor and loses puck.
10:47 of 1st period - Wrist shot by Kyle Platzer.
10:47 of 1st period - Stopped by Antoine Bibeau with a rebound.
11:09 of 1st period - Snap shot by Tanner Jeannot.
11:09 of 1st period - Deflect By Jesse Ylonen.
11:09 of 1st period - Shot Blocked by Eric Gustafsson.
11:09 of 1st period - Puck is out of play.
11:10 of 1st period - Theodor Blueger wins face-off versus John Quenneville in Barracuda zone.
11:31 of 1st period - Wrist shot by Theodor Blueger.
11:31 of 1st period - Shot Misses the Net.
11:55 of 1st period - Wrist shot by Oskar Lindblom.
11:55 of 1st period - Shot Misses the Net.
11:57 of 1st period - Slapshot by Niko Mikkola.
11:57 of 1st period - Shot Misses the Net.
11:59 of 1st period - Wrist shot by Fredrik Claesson.
11:59 of 1st period - Stopped by Joni Ortio with a rebound.
12:01 of 1st period - Slapshot by Fredrik Claesson.
12:01 of 1st period - Stopped by Joni Ortio with a rebound.
12:03 of 1st period - Snap shot by Fredrik Claesson.
12:03 of 1st period - Shot Misses the Net.
12:17 of 1st period - Wrist shot by William Carrier.
12:17 of 1st period - Stopped by Antoine Bibeau with a rebound.
12:19 of 1st period - Slapshot by Logan Stanley.
12:19 of 1st period - Stopped by Antoine Bibeau with a rebound.
12:21 of 1st period - Slapshot by William Carrier.
12:21 of 1st period - Shot Misses the Net.
12:23 of 1st period - Snap shot by Mario Lucia.
12:23 of 1st period - Stopped by Antoine Bibeau without a rebound.
12:24 of 1st period - Noah Gregor wins face-off versus Austen Brassard in Punishers zone.
12:59 of 1st period - Off-side.
13:00 of 1st period - Kyle Platzer wins face-off versus John Quenneville in neutral zone.
13:21 of 1st period - Minor Penalty to John Quenneville for Interference.
13:22 of 1st period - Mario Lucia wins face-off versus Daniel Audette in Punishers zone.
14:15 of 1st period - Robin Norell is hit by Ben Meyers and loses puck.
15:21 of 1st period - Penalty to John Quenneville is over, John Quenneville is back on ice.
15:35 of 1st period - Snap shot by Kole Lind.
15:35 of 1st period - Shot Blocked by Noah Gregor.
16:01 of 1st period - Wrist shot by John Hayden.
16:01 of 1st period - Stopped by Joni Ortio without a rebound.
16:02 of 1st period - John Quenneville wins face-off versus Noah Gregor in Barracuda zone.
16:10 of 1st period - Snap shot by Anton Blidh.
16:10 of 1st period - Stopped by Joni Ortio with a rebound.
16:12 of 1st period - Slapshot by Anton Blidh.
16:12 of 1st period - Shot Blocked by Noah Gregor.
16:14 of 1st period - Wrist shot by Anton Blidh.
16:14 of 1st period - Shot Blocked by Robin Norell.
16:16 of 1st period - Snap shot by Austen Brassard.
16:16 of 1st period - Shot Misses the Net.
16:45 of 1st period - Nicolas Beaudin is hit by Alex Henriksson and loses puck.
17:14 of 1st period - Slapshot by Eric Gustafsson.
17:14 of 1st period - Stopped by Antoine Bibeau without a rebound.
17:15 of 1st period - Emil Pettersson wins face-off versus John Quenneville in Punishers zone.
17:24 of 1st period - Mac Hollowell is hit by John Quenneville and loses puck.
17:31 of 1st period - Wrist shot by John Quenneville.
17:31 of 1st period - Stopped by Joni Ortio with a rebound.
18:08 of 1st period - Snap shot by Tanner Jeannot.
18:08 of 1st period - Stopped by Joni Ortio without a rebound.
18:09 of 1st period - Emil Pettersson wins face-off versus John Hayden in Barracuda zone.
18:21 of 1st period - Artem Zub is hit by Samuel Groulx and loses puck.
18:24 of 1st period - Snap shot by Ben Betker.
18:24 of 1st period - Stopped by Joni Ortio with a rebound.
18:39 of 1st period - Snap shot by Anton Blidh.
18:39 of 1st period - Shot Misses the Net.
18:41 of 1st period - Wrist shot by Austen Brassard.
18:41 of 1st period - Shot Misses the Net.
18:43 of 1st period - Slapshot by Connor Clifton.
18:43 of 1st period - Shot Blocked by Eric Gustafsson.
18:54 of 1st period - Off-side.
18:55 of 1st period - Daniel Audette wins face-off versus Kyle Platzer in neutral zone.
19:22 of 1st period - William Carrier is hit by Anton Blidh.
Goals for this period are 0 for Barracuda vs 1 for Punishers.
Shots for this period are 11 for Barracuda vs 14 for Punishers.
2nd period
0:01 of 2nd period - William Carrier wins face-off versus Austen Brassard in neutral zone.
1:36 of 2nd period - Wrist shot by Anton Blidh.
1:36 of 2nd period - Stopped by Joni Ortio with a rebound.
2:14 of 2nd period - Snap shot by William Carrier.
2:14 of 2nd period - Goal by William Carrier - Barracuda : 1 - Punishers : 1.
2:15 of 2nd period - John Quenneville wins face-off versus Emil Pettersson in neutral zone.
3:09 of 2nd period - Slapshot by Ben Betker.
3:09 of 2nd period - Goal by Ben Betker - Barracuda : 1 - Punishers : 2.
3:10 of 2nd period - Emil Pettersson wins face-off versus John Quenneville in neutral zone.
3:20 of 2nd period - Wrist shot by Emil Pettersson.
3:20 of 2nd period - Stopped by Antoine Bibeau without a rebound.
3:21 of 2nd period - Emil Pettersson wins face-off versus John Quenneville in Punishers zone.
3:22 of 2nd period - Slapshot by William Carrier.
3:22 of 2nd period - Shot Blocked by Ben Betker.
4:06 of 2nd period - Robin Norell is hit by Phillip Danault and loses puck.
4:37 of 2nd period - Snap shot by Kyle Platzer.
4:37 of 2nd period - Deflect By Alex Henriksson.
4:37 of 2nd period - Stopped by Antoine Bibeau with a rebound.
4:49 of 2nd period - Mario Lucia is hit by John Quenneville and loses puck.
5:20 of 2nd period - Snap shot by Phillip Danault.
5:20 of 2nd period - Shot Misses the Net.
5:38 of 2nd period - Snap shot by Carson Meyer.
5:38 of 2nd period - Stopped by Joni Ortio with a rebound.
5:40 of 2nd period - Slapshot by Carson Meyer.
5:40 of 2nd period - Shot Misses the Net.
5:42 of 2nd period - Wrist shot by Oskar Lindblom.
5:42 of 2nd period - Shot Blocked by Mac Hollowell.
6:02 of 2nd period - Wrist shot by Noah Gregor.
6:02 of 2nd period - Shot Misses the Net.
6:32 of 2nd period - Eric Gustafsson is hit by Phillip Danault and loses puck.
6:55 of 2nd period - Snap shot by Eric Gustafsson.
6:55 of 2nd period - Stopped by Antoine Bibeau with a rebound.
8:12 of 2nd period - William Carrier is hit by John Quenneville and loses puck.
8:40 of 2nd period - Slapshot by Ben Betker.
8:40 of 2nd period - Shot Blocked by Jordan Gross.
9:19 of 2nd period - Kevin Roy is hit by Thomas Gobeil and loses puck.
10:08 of 2nd period - Slapshot by Oskar Lindblom.
10:08 of 2nd period - Shot Misses the Net.
10:10 of 2nd period - Slapshot by Oskar Lindblom.
10:10 of 2nd period - Shot Misses the Net.
10:12 of 2nd period - Slapshot by Carson Meyer.
10:12 of 2nd period - Goal by Carson Meyer - Barracuda : 1 - Punishers : 3.
10:13 of 2nd period - Emil Pettersson wins face-off versus John Quenneville in neutral zone.
10:29 of 2nd period - Off-side.
10:30 of 2nd period - Kevin Roy wins face-off versus Theodor Blueger in neutral zone.
10:32 of 2nd period - Ben Betker is hit by Thomas Gobeil and loses puck.
10:37 of 2nd period - Snap shot by Kevin Roy.
10:37 of 2nd period - Goal by Kevin Roy - Barracuda : 1 - Punishers : 4.
10:37 of 2nd period - Joacim Eriksson enters game.
10:38 of 2nd period - Emil Pettersson wins face-off versus John Quenneville in neutral zone.
11:00 of 2nd period - Minor Penalty to Samuel Groulx for Hooking.
11:01 of 2nd period - Emil Pettersson wins face-off versus John Quenneville in Barracuda zone.
12:25 of 2nd period - Snap shot by Artem Zub.
12:25 of 2nd period - Shot Blocked by Kyle Platzer.
12:27 of 2nd period - Slapshot by Artem Zub.
12:27 of 2nd period - Stopped by Joacim Eriksson without a rebound.
12:28 of 2nd period - Kevin Roy wins face-off versus Kyle Platzer in Barracuda zone.
13:00 of 2nd period - Penalty to Samuel Groulx is over, Samuel Groulx is back on ice.
13:14 of 2nd period - Wrist shot by Tanner Jeannot.
13:14 of 2nd period - Shot Misses the Net.
13:46 of 2nd period - Oskar Lindblom is hit by Jaedon Descheneau and loses puck.
14:10 of 2nd period - Minor Penalty to Tanner Jeannot for Holding.
14:11 of 2nd period - Emil Pettersson wins face-off versus John Quenneville in Punishers zone.
16:10 of 2nd period - Penalty to Tanner Jeannot is over, Tanner Jeannot is back on ice.
16:13 of 2nd period - Oskar Lindblom is hit by Samuel Groulx and loses puck.
16:28 of 2nd period - Snap shot by Ben Betker.
16:28 of 2nd period - Deflect By Oskar Lindblom.
16:28 of 2nd period - Stopped by Joacim Eriksson without a rebound.
16:29 of 2nd period - Nikolai Kovalenko wins face-off versus Kevin Roy in Barracuda zone.
16:33 of 2nd period - Off-side.
16:34 of 2nd period - Kyle Platzer wins face-off versus Kevin Roy in neutral zone.
16:39 of 2nd period - Snap shot by Kyle Platzer.
16:39 of 2nd period - Shot Misses the Net.
16:51 of 2nd period - Nikolai Kovalenko is hit by Kevin Roy and loses puck.
16:52 of 2nd period - Nikolai Kovalenko from Barracuda is injured at 16:52 of 2nd period (Bruised Left Arm).
16:53 of 2nd period - Emil Pettersson wins face-off versus John Quenneville in Barracuda zone.
17:14 of 2nd period - Minor Penalty to William Carrier for High sticking.
17:15 of 2nd period - Emil Pettersson wins face-off versus Anton Blidh in Barracuda zone.
17:36 of 2nd period - Emil Pettersson is hit by Anton Blidh and loses puck.
17:55 of 2nd period - Wrist shot by Kole Lind.
17:55 of 2nd period - Stopped by Joacim Eriksson with a rebound.
19:13 of 2nd period - Wrist shot by Anton Blidh.
19:13 of 2nd period - Shot Misses the Net.
19:14 of 2nd period - Penalty to William Carrier is over, William Carrier is back on ice.
19:15 of 2nd period - Slapshot by Niko Mikkola.
19:15 of 2nd period - Shot Blocked by Cole Ully.
19:17 of 2nd period - Snap shot by Anton Blidh.
19:17 of 2nd period - Stopped by Joacim Eriksson with a rebound.
19:19 of 2nd period - Wrist shot by Austen Brassard.
19:19 of 2nd period - Shot Misses the Net.
19:21 of 2nd period - Backhand shot by Austen Brassard.
19:21 of 2nd period - Goal by Austen Brassard - Barracuda : 1 - Punishers : 5.
19:22 of 2nd period - Theodor Blueger wins face-off versus John Quenneville in neutral zone.
19:25 of 2nd period - Slapshot by Eric Gustafsson.
19:25 of 2nd period - Stopped by Antoine Bibeau without a rebound.
19:26 of 2nd period - Theodor Blueger wins face-off versus John Quenneville in Punishers zone.
19:39 of 2nd period - Fredrik Claesson is hit by Kurtis Macdermid and loses puck.
19:54 of 2nd period - Snap shot by Eric Gustafsson.
19:54 of 2nd period - Deflect By Austen Brassard.
19:54 of 2nd period - Stopped by Antoine Bibeau with a rebound.
Goals for this period are 1 for Barracuda vs 4 for Punishers.
Shots for this period are 6 for Barracuda vs 10 for Punishers.
3rd period
0:01 of 3rd period - John Quenneville wins face-off versus Emil Pettersson in neutral zone.
0:08 of 3rd period - Slapshot by Anton Blidh.
0:08 of 3rd period - Shot Blocked by Eric Gustafsson.
0:32 of 3rd period - Slapshot by Kurtis Macdermid.
0:32 of 3rd period - Stopped by Antoine Bibeau with a rebound.
1:23 of 3rd period - Slapshot by Niko Mikkola.
1:23 of 3rd period - Deflect By Anton Blidh.
1:23 of 3rd period - Stopped by Joacim Eriksson with a rebound.
2:05 of 3rd period - Minor Penalty to Logan Stanley for Tripping.
2:06 of 3rd period - Emil Pettersson wins face-off versus John Quenneville in Barracuda zone.
4:05 of 3rd period - Penalty to Logan Stanley is over, Logan Stanley is back on ice.
4:19 of 3rd period - Slapshot by Noah Gregor.
4:19 of 3rd period - Shot Misses the Net.
6:11 of 3rd period - Jack Ahcan is hit by Cole Ully and loses puck.
7:05 of 3rd period - Logan Stanley is hit by Kole Lind and loses puck.
7:55 of 3rd period - Icing by Mac Hollowell.
7:56 of 3rd period - Kevin Roy wins face-off versus Theodor Blueger in Barracuda zone.
8:17 of 3rd period - Mario Lucia is hit by Austen Brassard and loses puck.
9:04 of 3rd period - Wrist shot by William Carrier.
9:04 of 3rd period - Shot Blocked by Nicolas Beaudin.
9:06 of 3rd period - Snap shot by William Carrier.
9:06 of 3rd period - Shot Blocked by Tanner Jeannot.
9:08 of 3rd period - Snap shot by Mario Lucia.
9:08 of 3rd period - Goal by Mario Lucia - Barracuda : 2 - Punishers : 5.
9:09 of 3rd period - Emil Pettersson wins face-off versus Austen Brassard in neutral zone.
9:12 of 3rd period - Slapshot by Eric Gustafsson.
9:12 of 3rd period - Stopped by Antoine Bibeau with a rebound.
9:14 of 3rd period - Wrist shot by William Carrier.
9:14 of 3rd period - Stopped by Antoine Bibeau without a rebound.
9:15 of 3rd period - Emil Pettersson wins face-off versus John Quenneville in Punishers zone.
9:45 of 3rd period - Wrist shot by Theodor Blueger.
9:45 of 3rd period - Shot Blocked by Kevin Roy.
9:47 of 3rd period - Slapshot by Eric Gustafsson.
9:47 of 3rd period - Shot Misses the Net.
10:36 of 3rd period - Snap shot by Noah Gregor.
10:36 of 3rd period - Shot Misses the Net.
10:40 of 3rd period - Snap shot by Cole Ully.
10:40 of 3rd period - Barracuda goal is going for a video replay.
10:40 of 3rd period - The goal is good.
10:40 of 3rd period - Goal by Cole Ully - Barracuda : 3 - Punishers : 5.
10:41 of 3rd period - Emil Pettersson wins face-off versus John Quenneville in neutral zone.
10:47 of 3rd period - Eric Gustafsson is hit by John Quenneville and loses puck.
10:50 of 3rd period - Snap shot by Mario Lucia.
10:50 of 3rd period - Stopped by Antoine Bibeau without a rebound.
10:51 of 3rd period - Emil Pettersson wins face-off versus John Quenneville in Punishers zone.
11:10 of 3rd period - Slapshot by Samuel Groulx.
11:10 of 3rd period - Shot Blocked by Anton Blidh.
11:12 of 3rd period - Slapshot by Eric Gustafsson.
11:12 of 3rd period - Deflect By Fredrik Claesson.
11:12 of 3rd period - Stopped by Antoine Bibeau with a rebound.
11:14 of 3rd period - Snap shot by William Carrier.
11:14 of 3rd period - Shot Misses the Net.
11:16 of 3rd period - Snap shot by Emil Pettersson.
11:16 of 3rd period - Stopped by Antoine Bibeau with a rebound.
11:18 of 3rd period - Slapshot by Eric Gustafsson.
11:18 of 3rd period - Shot Blocked by Anton Blidh.
13:03 of 3rd period - Fredrik Claesson is hit by Samuel Groulx and loses puck.
13:21 of 3rd period - William Carrier is hit by Niko Mikkola.
13:25 of 3rd period - Wrist shot by John Quenneville.
13:25 of 3rd period - Shot Misses the Net.
13:35 of 3rd period - Slapshot by Eric Gustafsson.
13:35 of 3rd period - Shot Blocked by John Quenneville.
13:37 of 3rd period - Slapshot by Eric Gustafsson.
13:37 of 3rd period - Stopped by Antoine Bibeau with a rebound.
13:39 of 3rd period - Wrist shot by Mario Lucia.
13:39 of 3rd period - Deflect By John Quenneville.
13:39 of 3rd period - Shot Blocked by John Quenneville.
13:39 of 3rd period - Puck is out of play.
13:40 of 3rd period - Kevin Roy wins face-off versus Theodor Blueger in Punishers zone.
13:51 of 3rd period - Slapshot by Kevin Roy.
13:51 of 3rd period - Deflect By Thomas Gobeil.
13:51 of 3rd period - Shot Misses the Net.
13:51 of 3rd period - Puck is out of play.
13:52 of 3rd period - Theodor Blueger wins face-off versus Kevin Roy in Barracuda zone.
13:52 of 3rd period - Theodor Blueger is hit by Ben Betker.
14:41 of 3rd period - Off-side.
14:42 of 3rd period - John Hayden wins face-off versus Kyle Platzer in neutral zone.
14:58 of 3rd period - Minor Penalty to Mac Hollowell for Interference.
14:59 of 3rd period - Theodor Blueger wins face-off versus Kevin Roy in Barracuda zone.
14:59 of 3rd period - Theodor Blueger is hit by Phillip Danault.
15:14 of 3rd period - Snap shot by Phillip Danault.
15:14 of 3rd period - Shot Blocked by Robin Norell.
15:40 of 3rd period - Artem Zub is hit by Alex Henriksson and loses puck.
16:47 of 3rd period - Ben Betker is hit by William Carrier and loses puck.
16:58 of 3rd period - Penalty to Mac Hollowell is over, Mac Hollowell is back on ice.
16:58 of 3rd period - Snap shot by Artem Zub.
16:58 of 3rd period - Stopped by Joacim Eriksson without a rebound.
16:59 of 3rd period - Daniel Audette wins face-off versus Theodor Blueger in Barracuda zone.
17:15 of 3rd period - Minor Penalty to Connor Clifton for Holding Stick.
17:16 of 3rd period - Emil Pettersson wins face-off versus John Quenneville in Punishers zone.
17:30 of 3rd period - Snap shot by Eric Gustafsson.
17:30 of 3rd period - Shot Misses the Net.
17:32 of 3rd period - Wrist shot by William Carrier.
17:32 of 3rd period - Stopped by Antoine Bibeau without a rebound.
17:33 of 3rd period - Theodor Blueger wins face-off versus John Quenneville in Punishers zone.
17:36 of 3rd period - Slapshot by Eric Gustafsson.
17:36 of 3rd period - Shot Hit the Post.
17:48 of 3rd period - Snap shot by Eric Gustafsson.
17:48 of 3rd period - Shot Blocked by Artem Zub.
18:31 of 3rd period - Snap shot by William Carrier.
18:31 of 3rd period - Stopped by Antoine Bibeau without a rebound.
18:32 of 3rd period - Theodor Blueger wins face-off versus Oskar Lindblom in Punishers zone.
18:37 of 3rd period - Snap shot by Kurtis Macdermid.
18:37 of 3rd period - Shot Blocked by Oskar Lindblom.
18:45 of 3rd period - Snap shot by Kurtis Macdermid.
18:45 of 3rd period - Shot Misses the Net.
18:47 of 3rd period - Wrist shot by Thomas Gobeil.
18:47 of 3rd period - Goal by Thomas Gobeil - Barracuda : 4 - Punishers : 5.
18:48 of 3rd period - Emil Pettersson wins face-off versus John Quenneville in neutral zone.
18:48 of 3rd period - William Carrier is hit by Austen Brassard and loses puck.
19:02 of 3rd period - Barracuda, Joacim Eriksson is pulled from the net.
Goals for this period are 3 for Barracuda vs 0 for Punishers.
Shots for this period are 12 for Barracuda vs 2 for Punishers.